 Dungeon Crawl Stone Soup version 0.25.1-2-g60ff931df9 (webtiles) character file.

Game seed: 6264101564969002802

23111 Johnny the Geomancer (level 12, -3/96 HPs)
             Began as a Demigod Earth Elementalist on Oct 5, 2020.
             Shot with an arrow by a centaur (10 damage)
             ... led by a centaur warrior
             ... on level 13 of the Dungeon.
             The game lasted 00:23:04 (17679 turns).

Johnny the Geomancer (Demigod Earth Elementalist)  Turns: 17679, Time: 00:23:04

Health: -3/96      AC:  5    Str: 11    XL:     12   Next: 36%
Magic:  11/30      EV: 12    Int: 27    God:
Gold:   193        SH:  0    Dex: 16    Spells: 16/31 levels left

rFire    + . .     SeeInvis .   S - staff of earth
rCold    + . .     Gourm    .   (no shield)
rNeg     . . .     Faith    .   N - +0 troll leather armour
rPois    +         Spirit   .   (no helmet)
rElec    .         Reflect  .   H - scarf {rC+ rF+}
rCorr    .         Harm     .   (no gloves)
MR       ++...                  D - +0 pair of boots
Stlth    ++........             a - amulet of magic regeneration
HPRegen  0.66/turn              z - ring of protection from magic
MPRegen  0.47/turn              C - ring of poison resistance

@: brilliant, lethally poisoned (-3 -> -4), about to teleport
A: high mp 1
a: no special abilities


You were on level 13 of the Dungeon.
You were not hungry.

You visited 1 branch of the dungeon, and saw 13 of its levels.
You also visited: Bailey.

You collected 694 gold pieces.
You spent 501 gold pieces at shops.

Inventory:

Hand Weapons
 R - the +12 flail "Leggop" {distort, *Drain rElec rPois Str+4}
   (You took it off an orc knight in a bailey)

   It warps and distorts space around it.
   Unwielding it can cause banishment or high damage.
   It affects your strength (+4).
   It insulates you from electricity.
   It protects you from poison.
   It causes draining when unequipped.
Missiles
 b - 145 stones (quivered)
Armour
 D - a +0 pair of boots (worn)
 H - a scarf of resistance (worn)
 M - a +2 robe of positive energy
 N - a +0 troll leather armour (worn)
Magical Staves
 S - an uncursed staff of earth (weapon)
Jewellery
 a - an amulet of magic regeneration (around neck)
 m - a cursed ring of attention {unknown}
 y - an uncursed ring of flight {unknown}
 z - a ring of protection from magic (left hand)
 A - an uncursed ring of see invisible {unknown}
 C - a ring of poison resistance (right hand)
 K - an uncursed ring of protection from cold
Wands
 s - a wand of flame (6)
 t - a wand of polymorph (4)
 J - a wand of digging (8)
Scrolls
 g - a scroll of noise
 h - a scroll of magic mapping
 j - a scroll of acquirement
 k - 11 scrolls of remove curse
 l - a scroll of blinking
 p - a scroll of holy word
 q - 5 scrolls of enchant armour
 r - a scroll of immolation {unknown}
 B - 2 scrolls of fear
 F - a scroll of random uselessness {unknown}
 I - 2 scrolls of amnesia {unknown}
 P - 5 scrolls of enchant weapon
 Q - a scroll of brand weapon {unknown}
Potions
 c - a potion of magic
 e - 2 potions of haste
 i - 3 potions of brilliance
 n - a potion of mutation {unknown}
 o - a potion of berserk rage {unknown}
 u - a potion of curing {unknown}
 v - a potion of stabbing {unknown}
 w - 2 potions of might
 G - 3 potions of degeneration {unknown}
 O - 2 potions of cancellation {unknown}
 T - a potion of resistance {unknown}
Comestibles
 d - 22 rations


   Skills:
 + Level 6.2 Fighting
 - Level 1.7 Dodging
 - Level 1.7 Stealth
 + Level 10.2 Spellcasting
 - Level 0.8 Transmutations
 * Level 14.8 Earth Magic


You had 16 spell levels left.
You knew the following spells:

 Your Spells              Type           Power        Failure   Level  Hunger
a - Sandblast             Erth           ######       0%          1    None
b - Stone Arrow           Conj/Erth      ######       1%          3    None
c - Lee's Rapid Deconstr  Erth           ########..   1%          5    None
d - Petrify               Tmut/Erth      #######.     2%          4    None
e - Passwall              Tmut/Erth      #######.     1%          2    None

Your spell library contained the following spells:

 Spells                   Type           Power        Failure   Level  Hunger
 Sting                    Tmut/Pois      ###.         4%          1    None
 Animate Skeleton         Necr           N/A          5%          1    None
 Corona                   Hex            ###....      5%          1    None
 Pain                     Necr           ###.         5%          1    None
 Ensorcelled Hibernation  Hex/Ice        ###...       9%          2    None
 Poisonous Vapours        Pois/Air       ###...       9%          2    None
 Ignite Poison            Fire/Tmut/Pois ###.....     14%         3    None
 Confusing Touch          Hex            ###.....     17%         3    None
 Dazzling Flash           Conj/Hex       ###...       17%         3    None
 Mephitic Cloud           Conj/Pois/Air  ###.....     17%         3    None
 Tukima's Dance           Hex            ###.....     17%         3    None
 Vampiric Draining        Necr           ###.......   17%         3    None
 Animate Dead             Necr           N/A          50%         4    None
 Olgreb's Toxic Radiance  Pois           ###.....     50%         4    None
 Agony                    Necr           ###.....     83%         5    None


Dungeon Overview and Level Annotations

Branches:
Dungeon (13/15)            Temple (0/1) D:7            Lair (0/6) D:10
    Orc (0/2) D:9          Vaults (0/5) D:13         Bailey (visited)

Shops:
D:5 }   D:6 *   D:9 [(

Annotations:
D:13 Rupert


Innate Abilities, Weirdness & Mutations

You have an increased reservoir of magic. (+10% MP)


Message History

Your surroundings seem slightly different.
You feel sick.
A shadow comes into view.
The shadow slips into darkness.
The shadow flickers and vanishes!
Deactivating autopickup; reactivate with Ctrl-A.
Unknown command.
As you read the scroll of fear, it crumbles to dust.
You assume a fearsome visage.
The kobold looks frightened!
The manticore looks frightened!
Unknown command.
Unknown command.
As you read the scroll of teleportation, it crumbles to dust.
You feel strangely unstable.
You feel sick.
The centaur shoots an arrow.
The arrow misses you.
You hear a shout!
It was a potion of brilliance.
You feel clever all of a sudden.
The centaur shoots an arrow.
The arrow hits you!
You die...

,,,* **,,,,,,,,** *,,,,,,,,, ,,,*
##..........##*,,,,,,,,* ,,,*
*#............##,,,,,,,,+ ,,,*
**..............#,,,,,,,,* ,,,*
**,...........(...***+*,*,, ,,,*
*#..........{......,**,*,*,*
,,,***..........$...[...,,*,*,,<,
,,,**,............(.....,,,,*****
,,,*,,.....|H...@.......,,,,*,,,,
,,,,,,.c................,,,,*,***
,,,,,,c...§§§§§.§.......,,,,,,,,,
,,,,,,.....§§c§§..(.....,,,**,*,*
,*****.$....§K§§§.......,,,**,*,*
>,,,,,......K§§K........,,,,,,,,,
*,*,,,.#...K§§§§........**,**,*,*
*,**,,,#...K§§§§........,,,,,,*,*
*,,,,,.....KKK........#***,****,*


You could see a manticore (fleeing), a big kobold and a centaur.

Vanquished Creatures
  Jorgrun (D:12)
  4 vault guards (D:13)
  A hydra (D:8)
  A centaur warrior (D:13)
  3 two-headed ogres
  Erica (D:9)
  An unseen horror (D:12)
  Pikel (D:8)
  An orc knight (Bailey)
  3 ugly things
  An elephant (D:10)
  2 trolls
  Grinder (D:3)
  3 slime creatures (D:12)
  Prince Ribbit (D:8)
  2 hippogriffs
  2 dream sheep (D:8)
  A water elemental (D:11)
  A wraith (D:12)
  2 wyverns
  2 basilisks (D:10)
  6 yaks
  2 acid dragons (D:13)
  A black bear (D:13)
  17 orc warriors
  4 ice beasts
  2 sky beasts
  4 slaves (D:8)
  2 phantoms
  7 ogres
  A centaur (D:12)
  6 big kobolds
  7 bullfrogs
  A gnoll sergeant (D:9)
  5 scorpions
  9 wights
  3 howler monkeys (D:10)
  2 electric eels (D:11)
  A bullfrog zombie (D:13)
  A centaur zombie (D:11)
  4 crimson imps
  A quasit (D:8)
  A jelly (D:9)
  10 orc priests
  6 hounds
  4 centaur skeletons
  12 orc wizards
  2 bullfrog skeletons
  Jessica (D:3)
  3 iguanas
  Natasha (thrice) (D:4)
  6 worker ants
  A hound skeleton (D:7)
  8 gnolls
  10 adders
  2 howler monkey skeletons
  8 river rats (D:6)
  3 shadow imps
  An ooze (D:3)
  4 worms
  2 adder zombies (D:5)
  A dart slug (D:2)
  9 leopard geckos
  72 orcs
  6 giant cockroaches
  5 goblins
  6 hobgoblins
  11 jackals
  23 kobolds
  13 quokkas
  2 ball pythons
  11 bats
  3 frilled lizards (D:2)
  3 leopard gecko skeletons
  31 rats
404 creatures vanquished.

Vanquished Creatures (others)
  A killer bee zombie (D:6)
1 creature vanquished.

Grand Total: 405 creatures vanquished

Notes
Turn   | Place    | Note
-------+----------+-------------------------------------------
     0 | D:1      | Johnny the Demigod Earth Elementalist began the quest for
                  | the Orb.
     0 | D:1      | Reached XP level 1. HP: 14/14 MP: 5/5
   315 | D:1      | Reached skill level 3 in Earth Magic
  1140 | D:2      | Reached XP level 2. HP: 20/20 MP: 5/7
  1415 | D:2      | Reached XP level 3. HP: 26/26 MP: 6/9
  1825 | D:2      | Reached skill level 4 in Earth Magic
  1906 | D:2      | Found a sparkling altar of Nemelex Xobeh.
  1917 | D:2      | Found a burning altar of Makhleb.
  1918 | D:2      | Found a radiant altar of Vehumet.
  1918 | D:2      | Found a stormy altar of Qazlal.
  1918 | D:2      | Found an ornate altar of the Wu Jian Council.
  1918 | D:2      | Found a shimmering altar of Xom.
  1919 | D:2      | Found a hide-covered altar of Uskayaw.
  2424 | D:2      | Reached XP level 4. HP: 22/33 MP: 10/10
  3023 | D:3      | Noticed Jessica
  3028 | D:3      | Killed Jessica
  3065 | D:3      | Found a sacrificial altar of Ru.
  3075 | D:3      | Found a basalt altar of Yredelemnul.
  3132 | D:3      | Noticed Grinder
  3139 | D:3      | Killed Grinder
  3139 | D:3      | Reached skill level 5 in Earth Magic
  3139 | D:3      | Reached XP level 5. HP: 27/38 MP: 5/13
  3156 | D:3      | Reached XP level 6. HP: 32/45 MP: 3/14
  4088 | D:3      | Learned a level 3 spell: Stone Arrow
  4093 | D:3      | Learned a level 4 spell: Petrify
  4235 | D:4      | Noticed Natasha
  4242 | D:4      | Killed Natasha
  4245 | D:4      | Reached skill level 6 in Earth Magic
  4391 | D:4      | Noticed Natasha
  4396 | D:4      | Killed Natasha
  4623 | D:4      | Reached XP level 7. HP: 40/50 MP: 8/16
  4624 | D:4      | You fall into a shaft and drop 3 floors!
  4636 | D:5      | Entered Level 5 of the Dungeon
  4868 | D:5      | Reached skill level 7 in Earth Magic
  4957 | D:4      | Noticed Natasha
  5212 | D:4      | Killed Natasha
  5667 | D:5      | Found Xuetekeh's Gadget Shoppe.
  6299 | D:6      | Reached skill level 5 in Spellcasting
  6300 | D:6      | Reached XP level 8. HP: 57/57 MP: 6/19
  6303 | D:6      | Reached skill level 8 in Earth Magic
  7074 | D:6      | Found Meon's General Store.
  7081 | D:6      | Found an ancient bone altar of Kikubaaqudgha.
  7092 | D:6      | Bought a potion of lignification for 36 gold pieces
  7092 | D:6      | Bought a scroll of identify for 24 gold pieces
  7092 | D:6      | Bought 18 stones for 21 gold pieces
  7650 | D:7      | Found a glowing silver altar of Zin.
  7678 | D:7      | Reached skill level 9 in Earth Magic
  7773 | D:7      | Found a staircase to the Ecumenical Temple.
  8384 | D:7      | Learned a level 5 spell: Lee's Rapid Deconstruction
  8612 | D:8      | Found a bloodstained altar of Trog.
  8726 | D:8      | Noticed Pikel
  8739 | D:8      | Killed Pikel
  8739 | D:8      | Reached skill level 10 in Earth Magic
  8739 | D:8      | Reached XP level 9. HP: 43/62 MP: 3/22
  9149 | D:8      | Noticed Prince Ribbit
  9151 | D:8      | Killed Prince Ribbit
  9413 | D:8      | Noticed a green ugly thing
  9462 | D:8      | Killed a green ugly thing
  9462 | D:8      | Reached skill level 11 in Earth Magic
 10064 | D:8      | Reached XP level 10. HP: 11/69 MP: 1/25
 10291 | D:8      | Noticed a two-headed hydra
 10298 | D:8      | Killed a two-headed hydra
 11429 | D:9      | Noticed a two-headed ogre
 11443 | D:9      | Killed a two-headed ogre
 11443 | D:9      | Reached skill level 12 in Earth Magic
 11737 | D:9      | Found a shattered altar of Ashenzari.
 12138 | D:9      | Found Foddupni's Weapon Shop.
 12139 | D:9      | Found a staircase to the Orcish Mines.
 12141 | D:9      | Found Tobizing's Armour Shop.
 12145 | D:9      | Bought a +4 shortbow of freezing for 383 gold pieces
 12145 | D:9      | Bought 27 stones for 37 gold pieces
 12169 | D:9      | Noticed Erica
 12191 | D:9      | Killed Erica
 12191 | D:9      | Reached skill level 1 in Fighting
 12966 | D:10     | Entered Level 10 of the Dungeon
 13573 | D:10     | Found a staircase to the Lair.
 13573 | D:10     | Noticed an elephant
 13582 | D:10     | Reached XP level 11. HP: 79/79 MP: 16/28
 13602 | D:10     | Reached skill level 13 in Earth Magic
 14681 | D:11     | Found a shadowy altar of Dithmenos.
 14989 | D:11     | Noticed a two-headed ogre
 14996 | D:11     | Killed a two-headed ogre
 15482 | D:12     | Noticed Jorgrun
 15495 | D:12     | Killed Jorgrun
 15679 | D:12     | Learned a level 2 spell: Passwall
 15743 | D:12     | Noticed a two-headed ogre
 15749 | D:12     | Killed a two-headed ogre
 16103 | D:12     | Reached skill level 14 in Earth Magic
 16103 | D:12     | Killed an unseen horror
 16644 | D:13     | Identified a scroll of acquirement
 16671 | D:13     | Found a gate to the Vaults.
 16671 | D:13     | Noticed a vault guard
 16671 | D:13     | Noticed a vault guard
 16671 | D:13     | Noticed a vault guard
 16671 | D:13     | Noticed a vault guard
 16675 | D:13     | Reached skill level 5 in Fighting
 16679 | D:13     | Killed a vault guard
 16680 | D:13     | Killed a vault guard
 16680 | D:13     | Reached XP level 12. HP: 48/94 MP: 1/30
 16680 | D:13     | Killed a vault guard
 16709 | D:13     | Found a flagged portal.
 16761 | Bailey   | Entered a bailey
 17248 | Bailey   | Identified the +12 flail "Leggop" {distort, *Drain rElec
                  | rPois Str+4}
 17267 | Bailey   | Reached skill level 10 in Spellcasting
 17433 | D:13     | Killed a vault guard
 17434 | D:13     | Noticed Rupert
 17639 | D:13     | Noticed a centaur warrior
 17659 | D:13     | Killed a centaur warrior
 17672 | D:13     | Noticed a centaur warrior
 17679 | D:13     | Shot with an arrow by a centaur

Illustrated notes

Levels and vault maps discovered:
D:1:      minmay_arrival_semitransparent, layout_basic,
          chequers_serial_rivers_micro_b
D:2:      layout_basic, grunt_temple_overflow_open, minmay_rat_gold_closets
D:3:      layout_basic, minitemple, minmay_tree_intersection, uniq_grinder,
          uniq_jessica
D:4:      layout_cave_pools, patterned_corridor, uniq_natasha
D:5:      layout_basic, first_ration, serial_shops, shop, dk_rats_in_the_wall
D:6:      lemuel_ratsnest, layout_rooms, kiku_gazebo_pond_becter, serial_shops,
          shop, lemuel_flamethrower_1
D:7:      layout_loops_cross, overflow_temple_1_default,
          minmay_temple_entry_mini_moons
D:8:      layout_gridville, kennysheep_mini, special_room [special_room_orc],
          hangedman_ranch [blue_anna_fruit_fields], minmay_misc_feat_nine_boxes,
          hex_large, kb_rosetta, uniq_prince_ribbit1, uniq_pikel
D:9:      layout_stronghold, orc_david_3, evilmike_ruin_ashenzari, uniq_erica
D:10:     layout_grid_maze, david_lair_generic
D:11:     layout_basic, basic_altar
D:12:     layout_loops_cross, serial_glass, glass_columns_a, glass_columns_c,
          minmay_strange_pillars, minmay_strange_pillars, item_on_display_a,
          uniq_jorgrun
D:13:     layout_basic, lightli_vaults_fourway_checkpoint, enter_bailey_2,
          uniq_rupert

Skill      XL: |  1  2  3  4  5  6  7  8  9 10 11 12 |
---------------+-------------------------------------+-----
Earth Magic    | 3 4 5 6 7 10 11 12 14 | 14.8
Spellcasting   | 2 3 4 5 6 7 8 9 10 | 10.2
Fighting       | 2 5 6 |  6.2
Dodging        | |  1.7
Stealth        | |  1.7
Transmutations | |  0.8

Action                   |  1- 3 |  4- 6 |  7- 9 | 10-12 || total
-------------------------+-------+-------+-------+-------++-------
Melee: Unarmed           |     4 |       |       |       ||     4
       Dagger            |    14 |    83 |   271 |    44 ||   412
       Spear             |    47 |     7 |       |    96 ||   150
       Staff             |       |       |       |    13 ||    13
 Cast: Sandblast         |    37 |    25 |   102 |    59 ||   223
       Stone Arrow       |       |     6 |    34 |    69 ||   109
       Lee's Rapid Decon |       |       |    18 |   103 ||   121
       Petrify           |       |       |     7 |    16 ||    23
       Passwall          |       |       |       |     2 ||     2
Evoke: Wand              |       |       |     6 |    10 ||    16
  Use: Scroll            |       |       |    15 |    15 ||    30
       Potion            |       |       |     1 |     8 ||     9
 Stab: Sleeping          |    11 |     5 |     2 |     3 ||    21
       Petrified         |       |       |    16 |     6 ||    22
       Distracted        |       |       |     1 |       ||     1
       Petrifying        |       |       |     1 |       ||     1
  Eat: Chunk             |     5 |     7 |    19 |    29 ||    60
       Ration            |       |       |     1 |     4 ||     5
Armor: Robe              |    10 |    14 |       |     4 ||    28
       Leather armour    |       |       |    43 |    16 ||    59
       Skin              |       |       |       |     1 ||     1
       Troll leather arm |       |       |       |    15 ||    15
Dodge: Dodged            |    34 |    60 |   181 |   134 ||   409
